 Dungeon Crawl Stone Soup version 0.30-a0-553-g7fabdf1491 (webtiles) character file.

Game seed: 14963208771695879838

20 bmack86 the Shield-Bearer (level 2, -6/27 HPs)
             Began as a Minotaur Fighter on Dec 26, 2022.
             Mangled by a goblin
             ... wielding a +4 dagger of electrocution
              (18 damage)
             ... on level 1 of the Dungeon.
             The game lasted 00:02:06 (574 turns).

bmack86 the Shield-Bearer (Minotaur Fighter)         Turns: 574, Time: 00:02:07

Health: -6/27      AC:  7    Str: 20    XL:     2   Next: 58%
Magic:  1/1        EV:  8    Int:  5    God:
Gold:   23         SH:  8    Dex:  9    Spells: 1/1 levels left

rFire   . . .      SeeInvis .    a - +0 war axe
rCold   . . .      Faith    .    f - +0 kite shield
rNeg    . . .      Spirit   .    b - +0 scale mail
rPois   .          Reflect  .    (helmet restricted)
rElec   .          Harm     .    (no cloak)
rCorr   .          Rampage  .    (no gloves)
Will    .....                    (no boots) Stlth
                                 (no amulet)
HPRegen 0.24/turn                (no ring)
MPRegen 0.07/turn                (no ring)

@: no status effects
A: horns 2, retaliatory headbutt
a: no special abilities


You were on level 1 of the Dungeon.
You visited 1 branch of the dungeon, and saw 1 of its levels.

You collected 23 gold pieces.

Inventory:

Hand Weapons
 a - a +0 war axe (weapon)
Armour
 b - a +0 scale mail (worn)
 f - a +0 kite shield (worn)
Potions
 c - a potion of haste {unknown}
 d - a potion of might
 e - 3 potions of flight {unknown}


   Skills:
 + Level 3.9 Fighting
 * Level 3.1 Axes
 + Level 3.9 Armour
 + Level 3.9 Shields


You had one spell level left.
You didn't know any spells.
Your spell library was empty.

Dungeon Overview and Level Annotations

Branches:
Dungeon (1/15)

Altars:


Innate Abilities, Weirdness & Mutations

You have a pair of horns on your head.
You reflexively headbutt those who attack you in melee.


Message History

You hit the kobold but do no damage. You block the kobold's attack.
The kobold hits you with a +0 short sword.
You hit the kobold.
The kobold is moderately wounded.
You block the kobold's attack.
You hit the kobold.
You kill the kobold!
Things that are here:
a +0 short sword; 3 stones
e - 3 viscous yellow potions (gained 1)
You now have 20 gold pieces (gained 14).
A hobgoblin comes into view.
The hobgoblin shouts!
You see here 3 gold pieces.
You now have 23 gold pieces (gained 3).
You hit the hobgoblin. You headbutt the hobgoblin.
The hobgoblin is almost dead.
The hobgoblin completely misses you.
You barely miss the hobgoblin. You headbutt the hobgoblin.
You kill the hobgoblin!
You see here a hobgoblin corpse.
Found a short sword.
You open the door.
c - a fizzy clear potion You open the door.
There is an open door here.
A goblin comes into view.
It is wielding a +4 dagger of electrocution.
The goblin shouts!
You barely miss the goblin.
The goblin hits you with a +4 dagger of electrocution.
You completely miss the goblin. You headbutt the goblin.
The goblin is severely wounded.
You block the goblin's attack.
The goblin hits you with a +4 dagger of electrocution.
You are electrocuted!
You closely miss the goblin.
The goblin is severely wounded.
The goblin hits you but does no damage.
You are electrocuted!!
Ouch! That really hurt!
You die...

#................##.# #....
#.......#####.#>)##.#####.###
....#+#......................
....#.####....#[###.#...รท....
... #....'....#.###.#.###.###
. ######...##.....#.# #.#
#...########.###.# #...#
#.....# #..@# ####### #..g#
#...# #...# #...# #...# #####


You could see a goblin.

Vanquished Creatures
  A dart slug (D:1)
  An endoplasm (D:1)
  A goblin (D:1)
  2 hobgoblins (D:1)
  4 jackals (D:1)
  A kobold (D:1)
  A frilled lizard (D:1)
  6 rats (D:1)
17 creatures vanquished.

Notes
Turn   | Place    | Note
-------+----------+-------------------------------------------
     0 | D:1      | bmack86 the Minotaur Fighter began the quest for the Orb.
     0 | D:1      | Reached XP level 1. HP: 19/19 MP: 0/0
   284 | D:1      | Reached XP level 2. HP: 27/27 MP: 1/1
   574 | D:1      | Mangled by a goblin

Illustrated notes

Levels and vault maps discovered:
D:1:      ncdulo_halloftheorcs, layout_basic

Skill      XL: |  1  2 |
---------------+-------+-----
Axes           | 3 |  3.1
Fighting       | |  3.9
Armour         | |  3.9
Shields        | |  3.9

Action                   || total
-------------------------++-------
Melee: War axe           ||    32
       Headbutt          ||     5
Armor: Scale mail        ||    18
Dodge: Dodged            ||    16
Block: Buckler           ||     2
       Kite shield       ||    12

Table legend: (Time is in decaauts)
 A = Elapsed time spent in this place.
 B = Non-inter-level travel time spent in this place.
 C = Inter-level travel time spent in this place.
 D = Time resting spent in this place.
 E = Time spent auto-exploring this place.
 F = Levels seen in this place.
 G = Mean time per level.
                   A        B        C        D        E       F      G
               +--------+--------+--------+--------+--------+-----+--------+
         Total |    589 |    589 |      0 |     36 |    383 |   1 |  589.0 |
       Dungeon |    589 |    589 |      0 |     36 |    383 |   1 |  589.0 |
               +--------+--------+--------+--------+--------+-----+--------+

Top non-repeatable levels by time:
     D:1: 589 daAuts
